[Event "Titled Tuesday Blitz January 10 Early 2023"]
[White "Kadric, Denis"]
[Black "Goltsev, Dmitry"]
[WhiteFideId "14403803"]
[BlackFideId "24176710"]
[WhiteElo "2601"]
[BlackElo "2269"]
[Result "0-1"]
[Round "03"]
[TimeControl "180+2"]
[Date "2023.01.10"]
[WhiteClock "0:00:35"]
[BlackClock "0:00:42"]

1. e4 e6 2. d3 d5 3. Nd2 c5 4. g3 Nf6 5. e5 Nfd7 6. f4 Nc6 7. Ndf3 Be7 8. Nh3 h6 9. Bg2 a6 10. O-O b5 11. Qe2 Bb7 12. Bd2 Qb6 13. f5 exf5 14. Nf4 Nb4 15. c3 c4+ 16. d4 Nd3 17. Nxd3 cxd3 18. Qxd3 g6 19. a4 Bc6 20. Rfe1 Nf8 21. axb5 Bxb5 22. Qc2 Ne6 23. Be3 Kf8 24. Nd2 Rd8 25. Qb3 Kg7 26. Bxd5 Bg5 27. Nf3 Rxd5 28. Nxg5 hxg5 29. Qxd5 Bc6 30. Qd6 Qxb2 31. Bf2 Rxh2 0-1


[Site "https://www.chess.com"]

[Event "Titled Tuesday Blitz January 10 Early 2023"]
[White "Orozbaev, Eldiar"]
[Black "Kamsky, Gata"]
[WhiteFideId "13802240"]
[BlackFideId "2000024"]
[WhiteElo "2235"]
[BlackElo "2665"]
[Result "0-1"]
[Round "03"]
[TimeControl "180+2"]
[Date "2023.01.10"]
[WhiteClock "0:00:17"]
[BlackClock "0:00:22"]

1. e4 g6 2. d4 Bg7 3. Nc3 d6 4. Be3 a6 5. Qd2 b5 6. h4 h6 7. h5 g5 8. f4 gxf4 9. Bxf4 Bb7 10. a3 Nd7 11. Nf3 e6 12. d5 Ngf6 13. dxe6 fxe6 14. Bd3 e5 15. Be3 Ng4 16. Nh4 Nxe3 17. Qxe3 Qg5 18. Qxg5 hxg5 19. Nf5 Bf8 20. Kd2 Nf6 21. h6 O-O-O 22. Raf1 d5 23. exd5 Nxd5 24. Nxd5 Bxd5 25. Kc1 Bxg2 26. h7 Rxd3 27. cxd3 Bxf1 28. Rxf1 Rxh7 29. Ng3 Bc5 30. Ne4 Be3+ 31. Kb1 Bf4 32. Rg1 Kb7 33. Nxg5 Rg7 34. Nf3 Rxg1+ 35. Nxg1 Kc6 36. Kc2 Kd5 37. Ne2 c5 38. Nc3+ Kd4 39. Ne4 c4 40. Nd6 cxd3+ 41. Kd1 e4 42. Nf5+ Ke5 43. Ne7 e3 0-1


[Site "https://www.chess.com"]

[Event "Titled Tuesday Blitz January 10 Early 2023"]
[White "Ivic, Velimir"]
[Black "Kosteniuk, Alexandra"]
[WhiteFideId "950122"]
[BlackFideId "4128125"]
[WhiteElo "2595"]
[BlackElo "2535"]
[Result "0-1"]
[Round "03"]
[TimeControl "180+2"]
[Date "2023.01.10"]
[WhiteClock "0:00:01"]
[BlackClock "0:00:24"]

1. e4 c6 2. d4 d5 3. Nd2 dxe4 4. Nxe4 Nf6 5. Nxf6+ exf6 6. c3 Bd6 7. Bd3 O-O 8. Ne2 Re8 9. O-O Nd7 10. Ng3 Nf8 11. f4 Bd7 12. f5 Bxg3 13. hxg3 c5 14. d5 Qb6 15. c4 Rad8 16. b3 Bc8 17. Bf4 Nd7 18. Qd2 Ne5 19. Rae1 Qd6 20. Re2 Re7 21. Rfe1 Rde8 22. Bc2 Bd7 23. a4 b6 24. a5 b5 25. cxb5 Bxb5 26. Re3 Rd8 27. Rd1 Red7 28. Qc3 Re7 29. g4 h6 30. Re4 a6 31. Qg3 Rde8 32. Re3 c4 33. bxc4 Bxc4 34. Kh1 Bb5 35. Qh4 Rc8 36. Bb1 Qb4 37. Bxh6 gxh6 38. d6 Rd7 39. Rh3 Nxg4 40. Rg3 Be2 41. Rg1 Kh7 42. Be4 Qxe4 0-1


[Site "https://www.chess.com"]

[Event "Titled Tuesday Blitz January 10 Early 2023"]
[White "Ilkhomi, Jaloliddin"]
[Black "Moroni, Luca Jr"]
[WhiteFideId "14700948"]
[BlackFideId "865834"]
[WhiteElo "1997"]
[BlackElo "2535"]
[Result "0-1"]
[Round "03"]
[TimeControl "180+2"]
[Date "2023.01.10"]
[WhiteClock "0:00:07"]
[BlackClock "0:00:56"]

1. d4 g6 2. Nf3 Bg7 3. b3 d6 4. Bb2 b6 5. g3 Bb7 6. Bg2 Nd7 7. O-O Ngf6 8. Nbd2 O-O 9. Re1 Ne4 10. Nxe4 Bxe4 11. Nd2 Bxg2 12. Kxg2 c5 13. Nf3 d5 14. e4 dxe4 15. Rxe4 e6 16. Re2 Qc7 17. c4 Rad8 18. Rd2 cxd4 19. Bxd4 e5 20. Bb2 e4 21. Nd4 Qb7 22. Kg1 Ne5 23. f4 Nd3 24. Rxd3 exd3 25. Qxd3 Rxd4 26. Bxd4 Rd8 0-1


[Site "https://www.chess.com"]

[Event "Titled Tuesday Blitz January 10 Early 2023"]
[White "Wagner, Dennis"]
[Black "Shimanov, Aleksandr"]
[WhiteFideId "24650684"]
[BlackFideId "4198603"]
[WhiteElo "2595"]
[BlackElo "2581"]
[Result "0-1"]
[Round "03"]
[TimeControl "180+2"]
[Date "2023.01.10"]
[WhiteClock "0:00:03"]
[BlackClock "0:00:06"]

1. d4 e6 2. c4 c5 3. d5 d6 4. Nc3 g6 5. e4 Bg7 6. h3 Bxc3+ 7. bxc3 e5 8. Bd3 Nd7 9. Ne2 Qe7 10. O-O f6 11. a4 a5 12. Rb1 Kd8 13. Qb3 Kc7 14. Qb5 g5 15. Ng3 Nh6 16. Be3 Ra6 17. Rfd1 Rd8 18. Be2 Nb8 19. Rb2 b6 20. Rdb1 Bd7 21. Qb3 Qe8 22. Bh5 Qf8 23. Qa2 Ng8 24. Rb3 Ne7 25. Bg4 Bxg4 26. hxg4 Nd7 27. Qb2 Qf7 28. f3 Rb8 29. Kf2 Qe8 30. Rh1 Nf8 31. Qa2 Neg6 32. Nf5 Ne7 33. Rh6 Nxf5 34. gxf5 Qf7 35. Rb1 Ra7 36. Rbh1 Kc8 37. g4 Rbb7 38. Kg3 Qg7 39. Qb3 Qe7 40. Qb5 Kd8 41. Qc6 Rb8 42. Rb1 Rc7 43. Qb5 Rcb7 44. Rbh1 Qf7 45. R1h2 Rd7 46. R2h3 Rbb7 47. Rh1 Ke8 48. Rb1 Kd8 49. Qa6 Rdc7 50. Rxb6 Rxb6 51. Qxb6 Nd7 52. Qxa5 Kc8 53. Qa8+ Nb8 54. Qa5 Rb7 55. Rh1 Rb2 56. Qa8 Rb7 57. Qa5 Rb2 58. Bxc5 dxc5 59. Qxc5+ Kb7 60. a5 Na6 61. Qc6+ Ka7 62. c5 Rb7 63. d6 Qc4 64. Rd1 Qxc5 65. Qe8 Rb2 66. Kh3 Qf2 67. Qe7+ Rb7 68. d7 Qxf3+ 69. Kh2 Qe2+ 70. Kh3 Qf3+ 71. Kh2 Rb2+ 72. Kg1 Qg2# 0-1


[Site "https://www.chess.com"]

[Event "Titled Tuesday Blitz January 10 Early 2023"]
[White "Kukhmazov, Arsen"]
[Black "Rakhmatullaev, Almas"]
[WhiteFideId "24108260"]
[BlackFideId "14205793"]
[WhiteElo "2512"]
[BlackElo "2275"]
[Result "0-1"]
[Round "03"]
[TimeControl "180+2"]
[Date "2023.01.10"]
[WhiteClock "0:00:22"]
[BlackClock "0:00:06"]

1. d4 Nf6 2. c4 e6 3. Nf3 d5 4. e3 a6 5. b3 Be7 6. Bb2 O-O 7. Bd3 b6 8. O-O Bb7 9. Qe2 Nbd7 10. Nc3 h6 11. Rac1 dxc4 12. bxc4 c5 13. Rfd1 cxd4 14. exd4 Rc8 15. h3 Bd6 16. Qe3 Nh5 17. Ne2 Qf6 18. Ne5 Bxe5 19. dxe5 Qg5 20. g4 Nc5 21. Qxg5 hxg5 22. gxh5 Bf3 23. Kf1 Rfd8 24. Bb1 Bxh5 25. Rxd8+ Rxd8 26. Nd4 Na4 27. Ba1 g4 28. h4 Nc5 29. Kg2 f6 30. Re1 f5 31. Kg3 Bf7 32. Bc2 Rc8 33. Rd1 g6 34. Kf4 Nb7 35. Bb3 Na5 36. Rc1 Nb7 37. Kg5 Nc5 38. Bc2 Kg7 39. Kf4 Rh8 40. Rh1 Rh5 41. Bc3 g5+ 42. Kg3 Rh8 43. Nb3 gxh4+ 44. Rxh4 Rc8 45. Nxc5 Rxc5 46. Bd3 b5 47. Bd4 Rc8 48. Rh1 bxc4 49. Rc1 cxd3 50. Rd1 Bg6 51. Kf4 Rc4 52. Rxd3 Ra4 53. a3 Be8 54. Ke3 Bb5 55. Rd2 Rxa3+ 56. Kf4 Rd3 57. Kg5 Rxd2 0-1


[Site "https://www.chess.com"]

[Event "Titled Tuesday Blitz January 10 Early 2023"]
[White "Seo, Jung Min"]
[Black "Sanal, Vahap"]
[WhiteFideId "1734687"]
[BlackFideId "6300545"]
[WhiteElo "2494"]
[BlackElo "2600"]
[Result "1/2-1/2"]
[Round "03"]
[TimeControl "180+2"]
[Date "2023.01.10"]
[WhiteClock "0:00:59"]
[BlackClock "0:00:13"]

1. e4 d6 2. d4 Nf6 3. Nc3 e5 4. dxe5 dxe5 5. Qxd8+ Kxd8 6. Bc4 Ke8 7. Nf3 Bd6 8. O-O a6 9. a4 h6 10. h3 Ke7 11. Be3 Be6 12. Bxe6 Kxe6 13. Rfd1 Nc6 14. Nd2 Nb4 15. Rdc1 Rhd8 16. Nc4 Be7 17. f3 Nh5 18. Na2 Nxa2 19. Rxa2 Bg5 20. Raa1 Bxe3+ 21. Nxe3 Rd2 22. Rd1 Re2 23. Re1 Rxe1+ 24. Rxe1 Rd8 25. Rd1 Rd4 26. b3 g6 27. Kf2 Nf4 28. h4 Kd6 29. g3 Ne6 30. Ke2 Rxd1 31. Kxd1 Nd4 32. Nc4+ Ke6 33. Nd2 Kd6 34. c3 Nc6 35. b4 Ke6 36. Ke2 Na7 37. Kd3 Nc8 38. Nc4 h5 39. a5 f5 40. Ne3 Nd6 41. Nd5 c6 42. Ne3 Ne8 43. Nc4 Nf6 44. Ne3 Nd7 45. Nc4 Nf6 46. Ne3 Ng8 47. Nc4 Nh6 48. Ne3 Nf7 49. Nc4 Kf6 50. Ke3 Ke7 51. Nb2 Nd6 52. Nd3 Nc4+ 53. Ke2 Kf6 54. Nc5 Nd6 55. Ke3 Ke7 56. Ke2 Kf7 57. Kd3 Kf6 58. Ke3 Kf7 59. Nd3 Ke6 60. Nc5+ Ke7 61. Nd3 Nc4+ 62. Ke2 Kf6 63. Nc5 Nd6 64. Ke3 1/2-1/2


[Site "https://www.chess.com"]

[Event "Titled Tuesday Blitz January 10 Early 2023"]
[White "Boyer, Mahel"]
[Black "Zhigalko, Sergei"]
[WhiteFideId "45102422"]
[BlackFideId "13502956"]
[WhiteElo "2489"]
[BlackElo "2572"]
[Result "1-0"]
[Round "03"]
[TimeControl "180+2"]
[Date "2023.01.10"]
[WhiteClock "0:00:08"]
[BlackClock "0:00:04"]

1. d4 Nf6 2. c4 e6 3. Nf3 b6 4. a3 Bb7 5. Bf4 d5 6. cxd5 exd5 7. Nc3 Bd6 8. Bxd6 Qxd6 9. Rc1 a6 10. e3 Nbd7 11. Be2 O-O 12. O-O c5 13. dxc5 bxc5 14. Qc2 Rfe8 15. Rfd1 Rad8 16. b4 Rc8 17. Qb2 Qe7 18. bxc5 Nxc5 19. Nd4 Nfe4 20. Nxe4 Nxe4 21. Bg4 Rxc1 22. Rxc1 g6 23. h3 h5 24. Bf3 Nd6 25. Qb4 Qd7 26. Qb6 Nc4 27. Rxc4 dxc4 28. Qxb7 Qxb7 29. Bxb7 a5 30. Ba6 c3 31. a4 Rd8 32. Bd3 Rb8 33. g4 Rb2 34. Bc2 Rb4 35. gxh5 gxh5 36. Kg2 Kg7 37. Kg3 Kf6 38. Kh4 Kg7 39. Kxh5 Kf6 40. Kg4 Rb2 41. h4 Ra2 42. h5 Ra1 43. h6 Rh1 44. h7 Kg7 45. Kf3 Rh4 46. Nf5+ 1-0


[Site "https://www.chess.com"]

[Event "Titled Tuesday Blitz January 10 Early 2023"]
[White "Movahed, Sina"]
[Black "Krysa, Leandro"]
[WhiteFideId "42520835"]
[BlackFideId "116807"]
[WhiteElo "2340"]
[BlackElo "2541"]
[Result "1/2-1/2"]
[Round "03"]
[TimeControl "180+2"]
[Date "2023.01.10"]
[WhiteClock "0:00:15"]
[BlackClock "0:00:17"]

1. e4 e5 2. Nf3 Nf6 3. Nxe5 d6 4. Nf3 Nxe4 5. d4 d5 6. Bd3 Be7 7. O-O Nc6 8. c4 Nb4 9. Be2 O-O 10. a3 Nc6 11. Re1 Bf5 12. Bd3 Bf6 13. Nc3 Nxc3 14. bxc3 Bxd3 15. Qxd3 dxc4 16. Qxc4 Qd6 17. a4 Na5 18. Qb5 Qb6 19. Ba3 Rfd8 20. Nd2 Qxb5 21. axb5 b6 22. Bb4 c5 23. Bxa5 bxa5 24. Rxa5 cxd4 25. c4 d3 26. Kf1 Bc3 27. Ra2 Rac8 28. Rc1 Bxd2 29. Rxd2 Kf8 30. Rc3 Rd4 31. c5 Rd5 32. c6 Rxb5 33. Rdxd3 Rb6 34. c7 Ke7 35. Re3+ Kf6 36. f4 a5 37. Kf2 a4 38. Rc5 g6 39. g4 Rb7 40. Rec3 a3 41. Rc6+ Kg7 42. Rxa3 Rbxc7 43. Rxc7 Rxc7 44. Kg3 Rd7 45. h4 h6 46. Rf3 Rc7 47. f5 gxf5 48. Rxf5 Rc3+ 49. Rf3 Rc4 50. Re3 Rd4 51. Rf3 Rc4 52. Rf4 Rc3+ 53. Kg2 Rc2+ 54. Kf3 Rc3+ 55. Ke4 Rh3 56. h5 Ra3 57. Kd5 Ra5+ 58. Ke4 Ra4+ 59. Ke5 Rxf4 60. Kxf4 Kf6 61. Ke3 Kg5 62. Kf3 f5 63. gxf5 Kxf5 64. Kg3 Kg5 65. Kf3 Kxh5 66. Kg2 Kg5 67. Kh1 h5 68. Kg1 h4 69. Kh1 Kg4 70. Kg1 h3 71. Kh1 Kg3 72. Kg1 h2+ 73. Kh1 Kh3 1/2-1/2


[Site "https://www.chess.com"]

[Event "Titled Tuesday Blitz January 10 Early 2023"]
[White "Baskakov, Egor"]
[Black "Skvortsov, Andrei"]
[WhiteFideId "24197866"]
[BlackFideId "24108600"]
[WhiteElo "2215"]
[BlackElo "2313"]
[Result "1/2-1/2"]
[Round "03"]
[TimeControl "180+2"]
[Date "2023.01.10"]
[WhiteClock "0:02:51"]
[BlackClock "0:02:48"]

1. e4 c5 2. Nf3 d6 3. d4 cxd4 4. Nxd4 Nf6 5. Nc3 g6 6. g3 Bd7 7. Bg2 Qc8 8. h3 Bg7 9. g4 h5 10. g5 Nh7 11. h4 Nc6 12. Nde2 O-O 1/2-1/2


[Site "https://www.chess.com"]

[Event "Titled Tuesday Blitz January 10 Early 2023"]
[White "Kravtsiv, Martyn"]
[Black "Sadubayev, Airat"]
[WhiteFideId "14113147"]
[BlackFideId "13713264"]
[WhiteElo "2598"]
[BlackElo "2320"]
[Result "1-0"]
[Round "03"]
[TimeControl "180+2"]
[Date "2023.01.10"]
[WhiteClock "0:00:36"]
[BlackClock "0:00:01"]

1. e4 c6 2. Nf3 d5 3. d3 dxe4 4. dxe4 Qxd1+ 5. Kxd1 Nf6 6. Nbd2 g6 7. a4 a5 8. Ne1 Be6 9. Nd3 Bh6 10. Nc5 Nbd7 11. Nxe6 fxe6 12. f3 Rd8 13. Bc4 Nc5 14. Ke2 Kf7 15. c3 Nfd7 16. b4 axb4 17. cxb4 Na6 18. Bxa6 bxa6 19. Nc4 Bg7 20. Rb1 Ne5 21. Nxe5+ Bxe5 22. Be3 Rb8 23. Rhc1 Rhc8 24. Rc4 Rb7 25. f4 Bb8 26. b5 axb5 27. axb5 e5 28. f5 Bd6 29. fxg6+ hxg6 30. Rxc6 Rxc6 31. Rf1+ Ke6 32. bxc6 Rb2+ 33. Kf3 Rc2 34. Rc1 Rxc1 35. Bxc1 Bc7 36. Kg4 Kf6 37. Bg5+ Kf7 38. Be3 Kf6 39. Bc5 Bd8 40. h4 Bc7 41. g3 Bd8 42. Be3 Bc7 43. Ba7 Kf7 44. Kg5 Ba5 45. Bb8 Bd2+ 46. Kg4 Ke6 47. Bxe5 Ba5 48. c7 Kd7 49. Kg5 Be1 50. Kxg6 1-0


[Site "https://www.chess.com"]

[Event "Titled Tuesday Blitz January 10 Early 2023"]
[White "Svane, Frederik"]
[Black "Arabidze, Meri"]
[WhiteFideId "12923044"]
[BlackFideId "13604040"]
[WhiteElo "2600"]
[BlackElo "2441"]
[Result "1-0"]
[Round "03"]
[TimeControl "180+2"]
[Date "2023.01.10"]
[WhiteClock "0:01:37"]
[BlackClock "0:00:01"]

1. c4 c5 2. g3 Nc6 3. Bg2 b6 4. Nf3 Bb7 5. O-O Nf6 6. b3 g6 7. Bb2 Bg7 8. e3 O-O 9. Nc3 e6 10. d4 d5 11. dxc5 bxc5 12. cxd5 exd5 13. Na4 Ne4 14. Bxg7 Kxg7 15. Rc1 Qe7 16. Qxd5 Nd4 17. Qc4 Nd6 18. Qc3 Nb5 19. Qb2 Qf6 20. Nxd4 Bxg2 21. Nxb5 Bxf1 22. Kxf1 Qxb2 23. Nxb2 a6 24. Nc3 Rfd8 25. Ke2 Rac8 26. Nca4 Rc6 27. Rxc5 Rcd6 28. Rc2 1-0


[Site "https://www.chess.com"]

[Event "Titled Tuesday Blitz January 10 Early 2023"]
[White "Blanco Ronquillo, Humberto L."]
[Black "Durarbayli, Vasif"]
[WhiteFideId "3504239"]
[BlackFideId "13402935"]
[WhiteElo "2442"]
[BlackElo "2627"]
[Result "0-1"]
[Round "03"]
[TimeControl "180+2"]
[Date "2023.01.10"]
[WhiteClock "0:00:47"]
[BlackClock "0:01:19"]

1. e4 c5 2. Nf3 e6 3. d4 cxd4 4. Nxd4 Nf6 5. Nc3 d6 6. g3 Nc6 7. Bg2 Bd7 8. O-O a6 9. a4 Be7 10. h3 O-O 11. Nb3 Na5 12. Nd4 Rc8 13. Re1 Qc7 14. Kh2 Rfd8 15. f4 Be8 16. Qd3 Nc4 17. g4 g6 18. g5 Nh5 19. Nce2 e5 20. Nb3 exf4 21. Kh1 Ne5 0-1


[Site "https://www.chess.com"]

[Event "Titled Tuesday Blitz January 10 Early 2023"]
[White "Ohanyan, Emin"]
[Black "Ashraf, Artin"]
[WhiteFideId "13312022"]
[BlackFideId "22514805"]
[WhiteElo "2444"]
[BlackElo "2314"]
[Result "1-0"]
[Round "03"]
[TimeControl "180+2"]
[Date "2023.01.10"]
[WhiteClock "0:00:16"]
[BlackClock "0:00:14"]

1. e4 Nc6 2. Nc3 e5 3. Bc4 Nf6 4. d3 Bb4 5. Ne2 d5 6. exd5 Nxd5 7. O-O Nxc3 8. Nxc3 Bxc3 9. bxc3 O-O 10. Qf3 Be6 11. Bxe6 fxe6 12. Qg4 Qd5 13. a4 Rf6 14. Re1 Raf8 15. Be3 Rg6 16. Qh3 Rf3 17. g3 b6 18. Qh4 Rgf6 19. Rab1 Ne7 20. Rb5 Qc6 21. Rxe5 Qxc3 22. Bd4 Qc6 23. Qe4 Qxc2 24. Rxe6 Rxe6 25. Qxe6+ Rf7 26. Qd7 Ng6 27. Re8+ Nf8 28. Rxf8+ 1-0


[Site "https://www.chess.com"]

[Event "Titled Tuesday Blitz January 10 Early 2023"]
[White "Alexakis, Dimitris"]
[Black "Le Ruyet, Leopold"]
[WhiteFideId "4277023"]
[BlackFideId "645923"]
[WhiteElo "2436"]
[BlackElo "2245"]
[Result "1-0"]
[Round "03"]
[TimeControl "180+2"]
[Date "2023.01.10"]
[WhiteClock "0:00:18"]
[BlackClock "0:00:15"]

1. Nf3 Nf6 2. g3 g6 3. Bg2 Bg7 4. O-O O-O 5. c4 c5 6. Nc3 Nc6 7. d4 d6 8. h3 Bf5 9. Re1 Ne4 10. Nxe4 Bxe4 11. d5 Na5 12. Nd2 Bxg2 13. Kxg2 b5 14. cxb5 Qb6 15. Rb1 Qxb5 16. Qc2 c4 17. e4 Rfc8 18. h4 Rab8 19. h5 Qc5 20. Nf3 Rb6 21. Be3 Qb4 22. hxg6 hxg6 23. Bxb6 axb6 24. e5 dxe5 25. Nxe5 Qd6 26. Nf3 Qxd5 27. Rxe7 Nc6 28. Rd1 Nxe7 29. Rxd5 Nxd5 30. Ng5 c3 31. bxc3 Rxc3 32. Qe4 Rc5 33. Qe8+ 1-0


[Site "https://www.chess.com"]

[Event "Titled Tuesday Blitz January 10 Early 2023"]
[White "Vakhlamov, Igor L."]
[Black "Crevatin, Leo"]
[WhiteFideId "24126748"]
[BlackFideId "1726307"]
[WhiteElo "2413"]
[BlackElo "2292"]
[Result "1-0"]
[Round "03"]
[TimeControl "180+2"]
[Date "2023.01.10"]
[WhiteClock "0:00:16"]
[BlackClock "0:00:01"]

1. e4 c5 2. Nf3 d6 3. Nc3 Nf6 4. d4 cxd4 5. Qxd4 Nc6 6. Bb5 Bd7 7. Bxc6 Bxc6 8. Bg5 e6 9. O-O-O Be7 10. Rhe1 Qb6 11. Qxb6 axb6 12. Nd4 Nd7 13. Bxe7 Kxe7 14. a3 Ne5 15. f3 Rac8 16. Kb1 Rhd8 17. Re2 Be8 18. Nb3 g5 19. Na2 Bb5 20. Ree1 Ba4 21. Nac1 h5 22. Rd4 Bc6 23. Nd3 f6 24. Rb4 Nd7 25. Nd4 Rg8 26. a4 Ra8 27. b3 Kd8 28. Kb2 Ke7 29. Rc4 Rac8 30. Rc3 Ne5 31. Rd1 Bd7 32. Nxe5 fxe5 33. Rxc8 Rxc8 34. Ne2 Rf8 35. h3 g4 36. hxg4 hxg4 37. Rd3 Bc6 38. Nc3 gxf3 39. gxf3 Rd8 40. Ka3 d5 41. Kb4 d4 42. Nb5 Rf8 43. c3 dxc3 44. Rxc3 Rh8 45. Na3 Be8 46. Nc4 Kf6 47. Nxb6 Rh1 48. Nc4 Rf1 49. a5 Ra1 50. Kc5 Bc6 51. b4 Be8 52. Na3 Ra2 53. Kb6 Rb2 54. b5 Bc6 55. a6 Bxb5 56. Nxb5 bxa6 57. Kxa6 Kg5 58. Nc7 Kf4 59. Nxe6+ 1-0


[Site "https://www.chess.com"]

[Event "Titled Tuesday Blitz January 10 Early 2023"]
[White "Stribuk, Artiom"]
[Black "Seemann, Jakub"]
[WhiteFideId "13515659"]
[BlackFideId "21874697"]
[WhiteElo "2378"]
[BlackElo "2446"]
[Result "0-1"]
[Round "03"]
[TimeControl "180+2"]
[Date "2023.01.10"]
[WhiteClock "0:00:03"]
[BlackClock "0:01:13"]

1. d4 Nf6 2. c4 e6 3. g3 d5 4. Bg2 dxc4 5. Nf3 c6 6. O-O b5 7. Ne5 Bb7 8. a4 a6 9. Nc3 Be7 10. axb5 axb5 11. Rxa8 Bxa8 12. Nxb5 cxb5 13. Bxa8 O-O 14. Bf3 Bd6 15. Bf4 Nd5 16. Bxd5 exd5 17. Qa1 f6 18. Nf3 Bxf4 19. gxf4 Qd6 20. e3 Qe6 21. Kh1 Qe4 22. Kg2 Nc6 23. Qb1 Qxb1 24. Rxb1 Ra8 25. Kf1 b4 26. Ke1 Kf7 27. Kd2 Ke6 28. Kc2 Ra2 29. Nd2 Na7 30. Kc1 Nb5 31. h3 h5 32. Kd1 c3 33. Nb3 cxb2 34. Kc2 Na3+ 0-1


[Site "https://www.chess.com"]

[Event "Titled Tuesday Blitz January 10 Early 2023"]
[White "Przybylski, Wojciech"]
[Black "Ozen, Bahadir"]
[WhiteFideId "1117599"]
[BlackFideId "6337058"]
[WhiteElo "2321"]
[BlackElo "2369"]
[Result "1/2-1/2"]
[Round "03"]
[TimeControl "180+2"]
[Date "2023.01.10"]
[WhiteClock "0:00:05"]
[BlackClock "0:00:13"]

1. e4 d6 2. d4 Nf6 3. Nc3 e5 4. Nf3 Nbd7 5. Bc4 Be7 6. a4 O-O 7. a5 c6 8. O-O Rb8 9. h3 b5 10. axb6 axb6 11. Re1 b5 12. Bf1 Bb7 13. d5 b4 14. dxc6 Bxc6 15. Nd5 Bxd5 16. exd5 Nb6 17. Ra5 Qc7 18. Rb5 Nc4 19. Rxb8 Rxb8 20. Re2 Rc8 21. Qe1 Nxd5 22. Re4 Ncb6 23. Re2 h6 24. Bd2 Qc5 25. g4 Nc4 26. Bc1 Bf8 27. Re4 Ncb6 28. Bd3 Nf6 29. Rxb4 e4 30. Rxe4 Nxe4 31. Qxe4 g6 32. Be3 Qc7 33. Qb4 Nd5 34. Qd4 Nxe3 35. Qxe3 Bg7 36. b4 d5 37. b5 Qd6 38. Kg2 Rb8 39. Qe2 Kf8 40. Qe3 Re8 41. Qa7 Bf6 42. Qb7 Rb8 43. Qa6 Ke7 44. Qa7+ Kf8 45. Qe3 Kg7 46. Qd2 Rh8 47. Qe3 Rb8 48. Qd2 Qc5 49. Qe2 Rb7 50. h4 Qe7 51. Qd2 Bxh4 52. Be2 Rd7 53. Nd4 Bf6 54. Nc6 Qe4+ 55. Bf3 Qc4 56. Qd3 Rb7 57. Qxd5 Qxd5 58. Bxd5 Rxb5 59. c4 Rc5 60. Nb4 Kf8 61. Nc6 Ke8 62. f4 Bc3 63. Kf3 Kd7 64. Na7 f5 65. gxf5 gxf5 66. Nb5 Bf6 67. Na3 h5 68. Nc2 Ra5 69. Ne3 Ra3 70. Ke2 h4 71. Nxf5 h3 72. Kf2 Ra2+ 73. Kg1 Bd8 74. Kh1 Bb6 75. Ng3 Bc5 76. Ne4 Bd4 77. Ng5 Ra3 78. Kh2 Be3 79. Nxh3 Kd6 80. Kg2 Kc5 81. Be6 Bd4 82. Bd5 Kd6 83. Ng5 Ra2+ 84. Kf3 Bg7 85. Ne4+ Ke7 86. f5 Ra1 87. Kf4 Rf1+ 88. Kg4 Rg1+ 89. Kf4 Rf1+ 90. Kg4 Be5 91. Be6 Rg1+ 92. Kf3 Rf1+ 93. Ke2 Rc1 94. Kd2 Bf4+ 95. Kd3 Be5 96. Kd2 Ra1 97. c5 Ra4 98. Kd3 Rd4+ 99. Ke3 Rb4 100. Kd3 Rd4+ 101. Ke3 Rb4 102. c6 Rb1 103. Bd7 Rc1 104. Nd2 Rc2 105. Nf3 Bf6 106. Kd3 Rc3+ 107. Ke4 Kd6 108. Nd2 Rc2 109. Kd3 Rc3+ 110. Ke2 Rc2 111. Kd3 Rc3+ 112. Ke4 Rc2 113. Nf3 Rc4+ 114. Ke3 Rc3+ 115. Ke4 Rc4+ 116. Kd3 Rc3+ 117. Ke2 Rc2+ 118. Ke3 Rc3+ 119. Ke4 Rc4+ 1/2-1/2


[Site "https://www.chess.com"]

[Event "Titled Tuesday Blitz January 10 Early 2023"]
[White "Bacrot, Etienne"]
[Black "Al-Tarboush, Ward"]
[WhiteFideId "605506"]
[BlackFideId "7601450"]
[WhiteElo "2667"]
[BlackElo "2256"]
[Result "1-0"]
[Round "03"]
[TimeControl "180+2"]
[Date "2023.01.10"]
[WhiteClock "0:00:15"]
[BlackClock "0:00:04"]

1. e4 c5 2. Nf3 Nc6 3. Bb5 e6 4. O-O Nge7 5. Re1 Nd4 6. Nxd4 cxd4 7. c4 Nc6 8. d3 Be7 9. Qg4 g6 10. Bh6 a6 11. Bxc6 dxc6 12. e5 c5 13. Nd2 Qc7 14. Bg5 h5 15. Qf4 Bxg5 16. Qxg5 Qe7 17. Qf4 g5 18. Qf3 g4 19. Qf4 Bd7 20. Ne4 Bc6 21. Nd6+ Kd7 22. b4 cxb4 23. Qxd4 Kc7 24. Rab1 f6 25. c5 f5 26. Qxb4 Rab8 27. Qb6+ Kd7 28. Rb4 Qd8 29. Qxd8+ Rhxd8 30. Reb1 Kc7 31. d4 h4 32. Rb6 Rg8 33. a3 g3 34. fxg3 hxg3 35. h3 Rg7 36. Rf1 Rf8 37. Rf4 Rh8 38. Nc4 Bd5 39. Ne3 Bc6 40. Rb3 Rd8 41. Nf1 Rgd7 42. Rd3 Bb5 43. Rd1 Be2 44. Rd2 Bxf1 45. Kxf1 b6 46. cxb6+ Kxb6 47. Ke2 Ka7 48. Rd3 Rd5 49. h4 Rb8 50. Kf3 Rbd8 51. Ke3 Rg8 52. h5 Rh8 53. Rh4 Rd7 54. Kf4 Rdh7 55. Rxg3 Rxh5 56. Rxh5 Rxh5 57. Rh3 Rxh3 58. gxh3 Kb6 59. h4 Kc7 60. h5 Kd7 61. h6 Ke7 62. h7 1-0


[Site "https://www.chess.com"]

[Event "Titled Tuesday Blitz January 10 Early 2023"]
[White "Derjabin, Ilja"]
[Black "Harsh Suresh"]
[WhiteFideId "14104768"]
[BlackFideId "45018464"]
[WhiteElo "2333"]
[BlackElo "2298"]
[Result "0-1"]
[Round "03"]
[TimeControl "180+2"]
[Date "2023.01.10"]
[WhiteClock "0:00:08"]
[BlackClock "0:01:33"]

1. d4 g6 2. c4 Bg7 3. e3 d6 4. Nc3 c5 5. d5 Nf6 6. Nge2 O-O 7. Ng3 e6 8. Be2 exd5 9. cxd5 Re8 10. O-O Na6 11. e4 Nc7 12. f3 Rb8 13. a4 a6 14. a5 b5 15. axb6 Rxb6 16. Kh1 Nb5 17. Nxb5 axb5 18. b4 Nxd5 19. Qxd5 Bxa1 20. bxc5 dxc5 21. Qxc5 Bd4 22. Qb4 Qd6 23. Qxd6 Rxd6 24. Bxb5 Red8 25. Bf4 Re6 26. Bc4 Ba6 27. Bxe6 Bxf1 28. Bxf7+ Kxf7 29. Nxf1 Ra8 30. g4 Ra2 31. Bg3 g5 32. h4 h6 33. h5 Ke6 34. Bc7 Rf2 35. Nh2 Be5 36. Bxe5 Kxe5 37. Kg1 Re2 38. Nf1 Kf4 39. e5 Kxf3 40. Nh2+ Kg3 41. Nf1+ Kxg4 42. Nh2+ Kf4 0-1


[Site "https://www.chess.com"]

[Event "Titled Tuesday Blitz January 10 Early 2023"]
[White "Demchenko, Anton"]
[Black "Rahman, Ziaur"]
[WhiteFideId "4160258"]
[BlackFideId "10200037"]
[WhiteElo "2623"]
[BlackElo "2464"]
[Result "1-0"]
[Round "03"]
[TimeControl "180+2"]
[Date "2023.01.10"]
[WhiteClock "0:00:08"]
[BlackClock "0:00:01"]

1. e4 c5 2. Nf3 e6 3. c3 d5 4. exd5 Qxd5 5. d4 Nf6 6. Na3 a6 7. Nc4 Nbd7 8. Be2 b5 9. Na5 Be7 10. O-O Bd8 11. Ng5 Qd6 12. Bf3 h6 13. Nh3 Bxa5 14. Bxa8 cxd4 15. cxd4 O-O 16. Bf4 Qb6 17. Rc1 Qa7 18. Bc6 Bb6 19. Be3 Nb8 20. Bf3 Rd8 21. Qc2 Bd7 22. Rfd1 Nd5 23. Bxd5 exd5 24. Nf4 Bc6 25. Nd3 f6 26. Qe2 Be8 27. Nf4 Bf7 28. Qg4 Qe7 29. Rc8 Kh7 30. Rxd8 Qxd8 31. Qf5+ g6 32. Qh3 Nc6 33. Nxg6 Kxg6 34. Qxh6+ Kf5 35. Re1 Qg8 36. h3 Ke6 37. Bg5+ Kd7 38. Qxf6 1-0


[Site "https://www.chess.com"]

[Event "Titled Tuesday Blitz January 10 Early 2023"]
[White "Kuzmin, Roman"]
[Black "Pakleza, Zbigniew"]
[WhiteFideId "44134932"]
[BlackFideId "1119290"]
[WhiteElo "2198"]
[BlackElo "2494"]
[Result "0-1"]
[Round "03"]
[TimeControl "180+2"]
[Date "2023.01.10"]
[WhiteClock "0:00:08"]
[BlackClock "0:00:32"]

1. e4 d6 2. d4 Nf6 3. Nc3 c6 4. Nf3 Bg4 5. a3 e6 6. h3 Bh5 7. Bd3 d5 8. e5 Nfd7 9. Nb1 c5 10. c3 Nc6 11. g4 Bg6 12. Be2 Be7 13. Be3 Rc8 14. Nbd2 cxd4 15. cxd4 O-O 16. h4 f5 17. h5 Be8 18. gxf5 Rxf5 19. h6 g6 20. Bd3 Rf8 21. Rg1 Nb6 22. b3 a5 23. Qb1 Kh8 24. Ng5 Bxg5 25. Bxg5 Qc7 26. Qb2 Nd7 27. f4 Qb6 28. Nf3 a4 29. b4 Na5 30. Rd1 Nc4 0-1


[Site "https://www.chess.com"]